[Event "Titled Tuesday Blitz June 15 2021"]
[White "Reprintsev, Alexander"]
[Black "Matinian, Nikita"]
[WhiteFideId "14100541"]
[BlackFideId "24129100"]
[WhiteElo "2126"]
[BlackElo "2410"]
[Result "0-1"]
[Round "10"]
[TimeControl "180+1"]
[Date "2021.06.15"]
[WhiteClock "0:00:17"]
[BlackClock "0:00:14"]

1. e4 c5 2. b3 g6 3. Bb2 Nf6 4. e5 Nd5 5. Nc3 Nxc3 6. dxc3 Bg7 7. Qd5 Qc7 8. Nf3 O-O 9. O-O-O e6 10. Qd6 Qxd6 11. Rxd6 Nc6 12. c4 b6 13. Be2 Ne7 14. Rhd1 Nf5 15. R6d3 h5 16. g3 a6 17. h3 b5 18. cxb5 axb5 19. Kb1 c4 20. bxc4 bxc4 21. Ra3 Ba6 22. g4 hxg4 23. hxg4 Ne7 24. Rxd7 Nd5 25. Bd4 Rfb8+ 26. Kc1 Bf8 27. Ra4 Bb5 28. Rxa8 Rxa8 29. Rb7 Bc6 30. Rb1 Rxa2 31. Bxc4 Ra4 32. Nd2 Bh6 33. Bxd5 Bxd2+ 34. Kxd2 Rxd4+ 35. Ke3 Rxd5 36. f4 Rc5 37. Kd3 Bd5 38. Rb4 Kg7 39. c4 Bg2 40. Kd4 Rc7 41. Rb3 Kf8 42. Rg3 Bb7 43. Ra3 Ke7 44. Ra7 Rd7+ 45. Kc3 Bf3 46. Ra3 Bxg4 47. Kb4 Rb7+ 48. Ka5 Ra7+ 49. Kb4 Rxa3 0-1


[Site "https://www.chess.com"]

[Event "Titled Tuesday Blitz June 15 2021"]
[White "Ronka, Erik"]
[Black "Ulziikhishigjargal, Ochirkhuyag"]
[WhiteFideId "505080"]
[BlackFideId "4903188"]
[WhiteElo "2264"]
[BlackElo "1836"]
[Result "1-0"]
[Round "10"]
[TimeControl "180+1"]
[Date "2021.06.15"]
[WhiteClock "0:00:11"]
[BlackClock "0:00:35"]

1. d4 Nf6 2. c4 g6 3. Nc3 Bg7 4. e4 O-O 5. Nf3 c5 6. d5 d6 7. Be2 Na6 8. O-O Nc7 9. Bf4 Nd7 10. Qd2 a6 11. a4 Rb8 12. Bh6 f6 13. Bxg7 Kxg7 14. Ne1 Ne5 15. f4 Nf7 16. Nd3 Kh8 17. Bf3 g5 18. g3 Bh3 19. Rfe1 Rg8 20. Kh1 gxf4 21. gxf4 Qd7 22. Rg1 b5 23. axb5 axb5 24. b3 b4 25. Ne2 Bg4 26. Qe3 Bxf3+ 27. Qxf3 Rxg1+ 28. Rxg1 Rg8 29. Rxg8+ Kxg8 30. Ng3 Nh8 31. Nf5 Ng6 32. h4 Ne8 33. h5 Qa7 34. hxg6 hxg6 35. Qg3 Kf7 36. Nh4 Qa1+ 37. Kh2 Qa2+ 38. Kh3 g5 39. fxg5 fxg5 40. Nf5 Nf6 41. e5 g4+ 42. Kh4 Ne4 43. Qf4 g3 44. Nxg3+ Ke8 45. Nxe4 Qe2 46. Ndf2 dxe5 47. Qxe5 Qf3 48. Qh5+ Qxh5+ 49. Kxh5 Kd7 50. Kg5 e6 51. dxe6+ Kxe6 52. Nxc5+ Ke5 53. Ncd3+ Kd4 54. Nxb4 Kc3 55. c5 Kxb4 56. c6 Kb5 57. c7 Kb6 58. c8=Q Ka5 59. Qc5+ Ka6 60. b4 Kb7 61. b5 Kb8 62. b6 Kb7 63. Qc7+ Ka6 64. b7 Ka7 65. b8=Q+ Ka6 66. Qbb6# 1-0


[Site "https://www.chess.com"]

[Event "Titled Tuesday Blitz June 15 2021"]
[White "Sadykov, Ramil"]
[Black "Mikhailovsky, Vladimir"]
[WhiteFideId "24113590"]
[BlackFideId "34105414"]
[WhiteElo "2300"]
[BlackElo "2314"]
[Result "1-0"]
[Round "10"]
[TimeControl "180+1"]
[Date "2021.06.15"]
[WhiteClock "0:00:31"]
[BlackClock "0:00:01"]

1. d4 e5 2. dxe5 Nc6 3. Nf3 Nge7 4. Bf4 h6 5. e4 g5 6. Bg3 Bg7 7. Nc3 Ng6 8. Bc4 Ngxe5 9. Nxe5 Nxe5 10. Bb3 d6 11. f3 Be6 12. Qe2 c6 13. h4 Qa5 14. O-O-O O-O-O 15. Kb1 Ng6 16. hxg5 hxg5 17. Rxh8 Bxh8 18. Rxd6 Rxd6 19. Bxd6 Bxc3 20. bxc3 Qxc3 21. Qd1 Ne5 22. Be7 Nd7 23. Bxg5 a5 24. Qd6 a4 25. Bf4 Kd8 26. Bxa4 Qe1+ 27. Kb2 Qa5 28. Bb3 Bxb3 29. axb3 Qc5 30. g4 Qxd6 31. Bxd6 b5 32. Kc3 Nf6 33. Kd4 Kd7 34. Be5 Ne8 35. Kc5 1-0


[Site "https://www.chess.com"]

[Event "Titled Tuesday Blitz June 15 2021"]
[White "Sarana, Alexey"]
[Black "Mekhitarian, Krikor Sevag"]
[WhiteFideId "24133795"]
[BlackFideId "2107660"]
[WhiteElo "2629"]
[BlackElo "2598"]
[Result "1-0"]
[Round "10"]
[TimeControl "180+1"]
[Date "2021.06.15"]
[WhiteClock "0:00:13"]
[BlackClock "0:00:02"]

1. e4 c5 2. Nf3 g6 3. c3 d5 4. e5 Bg4 5. d4 Bxf3 6. Qxf3 Nc6 7. dxc5 e6 8. b4 Bg7 9. Bf4 Nge7 10. Bb5 O-O 11. O-O Nxe5 12. Qe2 N5c6 13. a3 a5 14. Ra2 d4 15. Rd1 Qc8 16. Bd6 Rd8 17. cxd4 Nf5 18. Bxc6 Qxc6 19. b5 Qd5 20. Nc3 Qb3 21. Rd3 Nxd6 22. cxd6 Rac8 23. Rc2 Rxd6 24. h4 Rxd4 25. Rf3 Rdc4 26. Rb2 Qxa3 27. Nd1 Qc5 28. Rd2 Qxb5 29. g3 Rb4 30. Rfd3 h5 31. Qf3 Qf5 32. Qg2 Qe4 33. Qf1 Rb1 34. Re3 Qa4 35. Qd3 Rcc1 36. Re1 Qc6 37. Qe3 Kh7 38. Rd8 Qc7 39. Qd3 a4 40. Rd7 Qc4 41. Qf3 Qb3 42. Qxf7 1-0


[Site "https://www.chess.com"]

[Event "Titled Tuesday Blitz June 15 2021"]
[White "Savitski, Andrei"]
[Black "Eljanov, Pavel"]
[WhiteFideId "13506161"]
[BlackFideId "14102951"]
[WhiteElo "2121"]
[BlackElo "2602"]
[Result "0-1"]
[Round "10"]
[TimeControl "180+1"]
[Date "2021.06.15"]
[WhiteClock "0:00:08"]
[BlackClock "0:00:08"]

1. e4 c6 2. Nc3 d5 3. d4 dxe4 4. Nxe4 Nf6 5. Nxf6+ exf6 6. c3 Bd6 7. Bd3 Na6 8. Ne2 Nc7 9. Bf4 Bg4 10. f3 Be6 11. Qd2 O-O 12. Bxd6 Qxd6 13. Qf4 Qd7 14. O-O Nd5 15. Qd2 a5 16. Rfe1 Rfd8 17. Be4 a4 18. Bxd5 Bxd5 19. a3 Bc4 20. Qf4 Ra5 21. Ng3 Rb5 22. Re3 Rxb2 23. Rae1 Be6 24. Ne4 b6 25. Qg3 Kf8 26. h4 Rb3 27. h5 h6 28. Qf4 f5 29. Nf6 Qd6 30. Qh4 Rxa3 31. f4 Rxc3 32. Rxc3 Qxd4+ 33. Rce3 Qxf6 34. Qf2 c5 35. Re5 Kg8 36. g3 a3 37. Qc2 a2 38. Qb2 Kh7 39. Qxb6 Rd3 40. Kf2 Rb3 41. Qxc5 Rb1 42. Qa3 a1=Q 43. Qxa1 Rxa1 44. Rxa1 Qd8 45. Rae1 Qd4+ 46. R5e3 Bd5 47. Re2 Be4 48. Re1 f6 49. Re2 Qc4 50. Re1 Qa4 51. R1e2 Qe8 52. Re1 Qxh5 53. Rf1 Qh2+ 54. Ke1 h5 55. Rf2 Qg1+ 56. Ke2 Kg6 57. Rf1 Qh1 58. Rxh1 Bxh1 59. Kf2 Be4 60. Ra3 Kh6 61. Ra7 g5 62. Ra6 Kg6 63. fxg5 Kxg5 64. Ra7 f4 65. gxf4+ Kxf4 66. Ra4 f5 67. Ra3 h4 68. Rh3 Kg4 69. Rh2 h3 70. Kg1 Kg3 71. Rd2 f4 72. Rb2 Bd5 73. Rd2 Bc6 74. Rd3+ f3 75. Rd2 Be4 76. Rf2 Bd3 77. Rd2 Be2 78. Kh1 f2 79. Rd3+ Bf3+ 80. Rxf3+ Kxf3 81. Kh2 Ke2 0-1


[Site "https://www.chess.com"]

[Event "Titled Tuesday Blitz June 15 2021"]
[White "Shapkin, Anatoliy"]
[Black "Ibrayev, Nurlan"]
[WhiteFideId "34108332"]
[BlackFideId "13700650"]
[WhiteElo "2223"]
[BlackElo "2366"]
[Result "0-1"]
[Round "10"]
[TimeControl "180+1"]
[Date "2021.06.15"]
[WhiteClock "0:00:07"]
[BlackClock "0:00:39"]

1. d4 Nf6 2. c4 e6 3. g3 Bb4+ 4. Bd2 Be7 5. Nf3 O-O 6. Bg2 d5 7. O-O c6 8. Qc2 Nbd7 9. Bf4 b6 10. Rd1 Ba6 11. Ne5 Nxe5 12. dxe5 Ng4 13. cxd5 cxd5 14. Nc3 g5 15. Bc1 Nxe5 16. e4 d4 17. Qa4 Bd3 18. f4 dxc3 19. fxe5 Bc5+ 20. Kh1 c2 21. Re1 Bf2 22. Be3 Bxe1 23. Rxe1 h6 24. Bd2 Rc8 25. Bc3 a5 26. Qa3 Rc4 27. Qd6 Bxe4 28. Rc1 Bxg2+ 29. Kxg2 Qa8+ 30. Kf2 Rd8 31. Qxb6 Rd1 32. Rxc2 Qh1 33. Qb8+ Kh7 34. Ke3 Re4+ 35. Kf2 Qf1# 0-1


[Site "https://www.chess.com"]

[Event "Titled Tuesday Blitz June 15 2021"]
[White "Shevchenko, Kirill"]
[Black "Andreikin, Dmitry"]
[WhiteFideId "14129574"]
[BlackFideId "4158814"]
[WhiteElo "2569"]
[BlackElo "2782"]
[Result "1-0"]
[Round "10"]
[TimeControl "180+1"]
[Date "2021.06.15"]
[WhiteClock "0:00:05"]
[BlackClock "0:00:02"]

1. e4 c5 2. c3 Nf6 3. e5 Nd5 4. Bc4 Nb6 5. Bb3 d5 6. exd6 exd6 7. d4 cxd4 8. Ne2 dxc3 9. Nbxc3 Be7 10. a4 O-O 11. O-O Nc6 12. Re1 Nd7 13. Nd5 Bh4 14. Nef4 Nde5 15. h3 Bf5 16. Be3 Re8 17. Rc1 Rc8 18. Qh5 g6 19. Qd1 Bg5 20. Ba2 Be4 21. Bb6 axb6 22. Rxe4 Bh6 23. Rc3 Bg7 24. Rce3 Kh8 25. Re1 Ra8 26. Qb3 Nd4 27. Qd1 Ndc6 28. Qb3 f5 29. R4e3 b5 30. Qxb5 Nd4 31. Qxb7 Nc2 32. Nc7 Nxe1 33. Nxe8 Qxe8 34. Ne6 Bf6 35. Rxe1 Rxa4 36. Bd5 Ra5 37. Rc1 Nf7 38. Rc8 Nd8 39. Rxd8 Bxd8 40. Qg7# 1-0


[Site "https://www.chess.com"]

[Event "Titled Tuesday Blitz June 15 2021"]
[White "Shipov, Sergei"]
[Black "Najdin, Danil"]
[WhiteFideId "4113624"]
[BlackFideId "4172426"]
[WhiteElo "2794"]
[BlackElo "2193"]
[Result "1-0"]
[Round "10"]
[TimeControl "180+1"]
[Date "2021.06.15"]
[WhiteClock "0:01:33"]
[BlackClock "0:00:26"]

1. d4 Nf6 2. c4 g6 3. Nc3 Bg7 4. e4 d6 5. Be2 O-O 6. Nf3 e5 7. Be3 Ng4 8. Bg5 f6 9. Bh4 g5 10. Bg3 Nc6 11. d5 Ne7 12. Nxg5 Nxf2 13. Bxf2 fxg5 14. O-O Ng6 15. Bg4 Qe7 16. g3 Bd7 17. Bxd7 Qxd7 18. Qh5 a6 19. a4 Rf7 20. Be3 g4 21. Rxf7 Qxf7 22. Qxg4 Rf8 23. Kg2 Ne7 24. a5 Kh8 25. Qe2 Ng8 26. Rf1 Qd7 27. Rxf8 Bxf8 28. Qh5 c6 29. Qf5 Qe8 30. b4 cxd5 31. exd5 Bg7 32. Ne4 Qa4 33. Ng5 Nf6 34. Qc8+ Qe8 35. Nf7+ Kg8 36. Nxd6 Qxc8 37. Nxc8 Bf8 38. Bc5 Bxc5 39. bxc5 Ne4 40. c6 bxc6 41. dxc6 Kf7 42. c7 1-0


[Site "https://www.chess.com"]

[Event "Titled Tuesday Blitz June 15 2021"]
[White "Shkapenko, Pavel"]
[Black "Tomb, Maroun"]
[WhiteFideId "4151933"]
[BlackFideId "5300398"]
[WhiteElo "2386"]
[BlackElo "2543"]
[Result "1-0"]
[Round "10"]
[TimeControl "180+1"]
[Date "2021.06.15"]
[WhiteClock "0:00:42"]
[BlackClock "0:00:57"]

1. e4 d6 2. d4 Nf6 3. Nc3 e5 4. dxe5 dxe5 5. Qxd8+ Kxd8 6. Bg5 Be6 7. O-O-O Kc8 8. f4 exf4 9. Nge2 Nbd7 10. Nxf4 h6 11. Bxf6 gxf6 12. Nxe6 fxe6 13. Bc4 e5 14. Be6 Bd6 15. Nd5 Rf8 16. Rhf1 Kd8 17. Bxd7 Kxd7 18. Nxf6+ Ke6 19. Nd5 c6 20. Ne3 Rf4 21. Nf5 Bf8 22. Rde1 Rd8 23. g3 Rxf1 24. Rxf1 Rd7 25. Rd1 Rh7 26. Kd2 h5 27. Ke3 Bh6+ 28. Kf3 Bf8 29. Rd8 Bc5 30. c3 a5 31. b3 Kf6 32. Ke2 Ke6 33. Rg8 Kf6 34. Kd3 Rd7+ 35. Ke2 Rh7 36. a4 Ke6 37. Ra8 Bb6 38. Rb8 Bc5 39. Rg8 Kf7 40. Rc8 Ke6 41. Kd3 Rd7+ 42. Kc2 Rh7 43. Rg8 Bg1 44. h3 Bc5 45. Rg7 Rxg7 46. Nxg7+ Kf6 47. Nxh5+ Kg5 48. g4 Kh4 49. Nf6 Kxh3 50. Nd7 Bd6 51. g5 1-0


[Site "https://www.chess.com"]

[Event "Titled Tuesday Blitz June 15 2021"]
[White "Shuvalova, Polina"]
[Black "Gracia Alvarez, Gerardo Antonio"]
[WhiteFideId "24171760"]
[BlackFideId "5109124"]
[WhiteElo "2299"]
[BlackElo "2148"]
[Result "1-0"]
[Round "10"]
[TimeControl "180+1"]
[Date "2021.06.15"]
[WhiteClock "0:01:23"]
[BlackClock "0:00:12"]

1. Nf3 c5 2. e4 d6 3. d4 cxd4 4. Nxd4 Nf6 5. Nc3 g6 6. Be3 Nc6 7. Qd2 Ng4 8. Bg5 Bg7 9. Nb3 h6 10. Bh4 Be6 11. h3 Nge5 12. O-O-O g5 13. Bg3 Rc8 14. Kb1 Na5 15. f4 gxf4 16. Qxf4 Nac4 17. Bxc4 Nxc4 18. Rd3 Nxb2 19. Kxb2 b5 20. e5 Bxe5 21. Qxe5 dxe5 22. Rxd8+ Rxd8 23. Bxe5 Rg8 24. Nxb5 Rxg2 25. Nc7+ Kf8 26. Nxe6+ fxe6 27. Nd4 Rd5 28. Nxe6+ Kf7 29. Nf4 Rb5+ 30. Kc3 Rg3+ 31. Kd4 Rb4+ 32. c4 Ra4 33. Rf1 Rxa2 34. Nd3+ Ke8 35. Bxg3 1-0


[Site "https://www.chess.com"]

[Event "Titled Tuesday Blitz June 15 2021"]
[White "Siddharth, Jagadeesh"]
[Black "Dan-Lowes"]
[WhiteFideId "5818320"]
[WhiteElo "2127"]
[BlackElo "2152"]
[Result "1-0"]
[Round "10"]
[TimeControl "180+1"]
[Date "2021.06.15"]
[WhiteClock "0:01:34"]
[BlackClock "0:01:09"]

1. e4 c5 2. Nf3 d6 3. Bb5+ Bd7 4. Bxd7+ Nxd7 5. O-O Ngf6 6. Qe2 Rc8 7. b3 g6 8. Bb2 Bg7 9. Rd1 O-O 10. d4 cxd4 11. Bxd4 a6 12. c4 Nb8 13. Bb2 Nc6 14. e5 Ne8 15. exd6 Nxd6 16. Bxg7 Kxg7 17. c5 Qa5 18. cxd6 exd6 19. Qd2 Qxd2 20. Nbxd2 Nb4 21. Nc4 d5 22. Ne3 Rfd8 23. Nd4 Nc6 24. Nxc6 bxc6 25. Rac1 d4 26. Nc4 c5 27. Nb2 Re8 28. Nd3 Re2 29. Rxc5 Rxc5 30. Nxc5 Rxa2 31. g3 Ra5 32. b4 Rb5 33. Nxa6 Rb6 34. b5 Rxb5 35. Rxd4 h5 36. Nb4 Rf5 37. Nd3 Kf6 38. h4 Ra5 39. Kg2 Kg7 40. Rd7 Kf6 41. f4 Kg7 42. Ne5 Kh6 43. Nxf7+ Kg7 44. Ng5+ Kg8 45. Ne6 Ra1 46. Rg7+ Kh8 47. Rxg6 Kh7 48. f5 Ra2+ 49. Kh3 Ra3 50. Rg5 Kh6 51. f6 Rf3 52. Nf4 Kh7 53. f7 Rf1 54. Kg2 Ra1 55. Rf5 Ra2+ 56. Kh3 Ra1 57. Ne6 Kg6 58. f8=Q Ra8 59. Rf6+ Kh7 60. Rh6# 1-0


[Site "https://www.chess.com"]

[Event "Titled Tuesday Blitz June 15 2021"]
[White "Sjugirov, Sanan"]
[Black "Balakrishnan, Praveen"]
[WhiteFideId "4189302"]
[BlackFideId "2064871"]
[WhiteElo "2472"]
[BlackElo "2237"]
[Result "1-0"]
[Round "10"]
[TimeControl "180+1"]
[Date "2021.06.15"]
[WhiteClock "0:00:22"]
[BlackClock "0:00:04"]

1. d4 g6 2. e4 Bg7 3. c4 c5 4. d5 d6 5. Nc3 Nf6 6. h3 O-O 7. Nf3 e6 8. Bd3 exd5 9. exd5 Re8+ 10. Be3 Bh6 11. O-O Bxe3 12. fxe3 Qe7 13. e4 Nbd7 14. Qd2 Kg7 15. Rf2 a6 16. Raf1 h6 17. a3 Nh7 18. b4 Rf8 19. Ne2 b6 20. Nf4 Ng5 21. Bc2 a5 22. Qc3+ Kg8 23. bxc5 bxc5 24. Nxg5 hxg5 25. Nd3 Ba6 26. Ba4 Nb6 27. Bc6 Ra7 28. e5 Nxc4 29. e6 f5 30. Rb1 Qg7 31. Qc1 Qd4 32. Ne1 f4 33. Nf3 Qf6 34. Nh2 Ne3 35. Ng4 Nxg4 36. hxg4 Rh7 37. Qb2 Qxb2 38. Rfxb2 Bd3 39. Re1 Re7 40. Rb6 c4 41. Ba4 Rd8 42. Kf2 Kg7 43. Bb5 Kf6 44. Rc6 Rb8 45. a4 Rd8 46. Ra6 Rc7 47. Rxa5 Ke7 48. Ra6 Rb8 49. Rc6 Rxc6 50. dxc6 Rc8 51. a5 d5 52. a6 d4 53. a7 Ra8 54. c7 Kd6 55. e7 Kxc7 56. e8=Q Rxe8 57. Rxe8 1-0


[Site "https://www.chess.com"]

[Event "Titled Tuesday Blitz June 15 2021"]
[White "Slizhevsky, Alexander"]
[Black "Kretov, Evgenij"]
[WhiteFideId "4152050"]
[BlackFideId "4167821"]
[WhiteElo "2380"]
[BlackElo "2400"]
[Result "1/2-1/2"]
[Round "10"]
[TimeControl "180+1"]
[Date "2021.06.15"]
[WhiteClock "0:00:08"]
[BlackClock "0:00:35"]

1. e4 c5 2. Nf3 Nc6 3. d4 cxd4 4. Nxd4 g6 5. Nc3 Bg7 6. Be3 Nf6 7. Bc4 O-O 8. Bb3 d6 9. f3 Bd7 10. Qd2 Nxd4 11. Bxd4 b5 12. a4 b4 13. Nd5 Nxd5 14. exd5 Qc7 15. Qxb4 Bh6 16. O-O Rfc8 17. Qe1 Bf5 18. Rf2 Qd8 19. Re2 Bf8 20. a5 Rc7 21. Qd2 Rac8 22. c3 Rb8 23. Ba4 e5 24. dxe6 Bxe6 25. b4 Qh4 26. Rae1 Bh6 27. Qd1 Rf8 28. Bb3 Bxb3 29. Qxb3 Qg5 30. Be3 Qh4 31. Bxh6 Qxh6 32. Re8 Qd2 33. R8e3 Rfc8 34. Qd1 Qxd1 35. Rxd1 Rxc3 36. Rxc3 Rxc3 37. Rxd6 Rb3 38. Rd8+ Kg7 39. Rb8 a6 40. Rb6 h5 41. h4 Kh6 42. Kh2 Rb2 43. Kg3 Rb3 44. Rxa6 Rxb4 45. Rb6 Ra4 46. a6 Kg7 47. Kh3 Kf8 48. g4 hxg4+ 49. fxg4 Ra3+ 50. Kg2 Kg7 51. Kf2 Kh6 52. Ke2 Ra4 53. Kf3 Ra3+ 54. Kf4 Ra4+ 55. Kg3 Ra3+ 56. Kg2 Ra4 57. Kf3 Ra3+ 58. Kf4 Ra4+ 59. Kf3 1/2-1/2


[Site "https://www.chess.com"]

[Event "Titled Tuesday Blitz June 15 2021"]
[White "Sokolovsky, Yahli"]
[Black "Kavyev, Ruslan"]
[WhiteFideId "2820242"]
[BlackFideId "34110981"]
[WhiteElo "1770"]
[BlackElo "2172"]
[Result "0-1"]
[Round "10"]
[TimeControl "180+1"]
[Date "2021.06.15"]
[WhiteClock "0:00:04"]
[BlackClock "0:01:15"]

1. b3 e5 2. Bb2 Nc6 3. e3 Nf6 4. Bb5 Bd6 5. Na3 a6 6. Bxc6 dxc6 7. Nc4 Qe7 8. Ne2 O-O 9. d4 exd4 10. Nxd4 Bb4+ 11. c3 Bc5 12. O-O b5 13. Nxc6 Qe8 14. N4a5 Bb6 15. b4 Bd7 16. Qf3 Ne4 17. Nd4 Nd2 18. Qg3 Nxf1 19. Rxf1 c5 20. Nf3 Bxa5 21. bxa5 Qe6 22. c4 f6 23. Rd1 Rfd8 24. Qc7 Rac8 25. Qb6 Qxb6 26. axb6 Bc6 27. Rc1 b4 28. a3 a5 29. axb4 axb4 30. Ra1 Ra8 31. Rxa8 Bxa8 32. Kf1 Bxf3 33. gxf3 Rb8 34. Ke2 Rxb6 35. Kd3 Ra6 36. Kc2 Kf7 37. Kb3 Ke6 38. e4 g5 39. Bc1 Ke5 40. Bb2+ Kf4 41. Bc1+ Kxf3 42. Be3 Ra3+ 43. Kb2 Rxe3 44. fxe3 Kxe3 45. e5 fxe5 0-1


[Site "https://www.chess.com"]

[Event "Titled Tuesday Blitz June 15 2021"]
[White "Solon, Nathan"]
[Black "Florescu, Codrut-Constantin"]
[WhiteFideId "2017229"]
[BlackFideId "1202200"]
[WhiteElo "2632"]
[BlackElo "2243"]
[Result "1/2-1/2"]
[Round "10"]
[TimeControl "180+1"]
[Date "2021.06.15"]
[WhiteClock "0:00:06"]
[BlackClock "0:00:13"]

1. d4 Nf6 2. c4 e6 3. g3 d5 4. Bg2 Be7 5. Nf3 O-O 6. O-O c6 7. Nc3 Nbd7 8. b3 b6 9. Bb2 Ba6 10. Ne5 Nxe5 11. dxe5 Nd7 12. cxd5 cxd5 13. f4 f6 14. Nxd5 exd5 15. Qxd5+ Kh8 16. Qxa8 Qxa8 17. Bxa8 Bc5+ 18. Kg2 Rxa8 19. Rfd1 Bb5 20. e6 Nf8 21. f5 Bxe2 22. Rd2 Bg4 23. b4 Bxb4 24. Rd4 Bxf5 25. Rxb4 Nxe6 26. a4 Nc5 27. a5 Nd3 28. Rb3 Be4+ 29. Kf1 Nxb2 30. Rxb2 b5 31. a6 h6 32. Kf2 Bd3 33. Rd1 Bc4 34. Rd7 Kh7 35. Ke3 h5 36. Kd4 Kg6 37. Kc5 Rc8+ 38. Kd6 Ra8 39. Kc7 h4 40. Kb7 Rh8 41. Kxa7 hxg3 42. hxg3 Rh3 43. Kb7 Rxg3 44. a7 Ra3 45. a8=Q Rxa8 46. Kxa8 f5 47. Rg2+ Kf6 48. Rdxg7 f4 49. R7g5 f3 50. Rg6+ Kf5 51. R2g5+ Kf4 52. Rc5 f2 53. Rf6+ Ke3 54. Rcf5 f1=Q 55. Rxf1 Bxf1 56. Rxf1 Kd3 57. Kb7 b4 58. Kc6 b3 59. Kb5 Kc2 60. Rf2+ Kc1 61. Rf1+ Kc2 62. Kc4 b2 63. Rf2+ Kb1 64. Kb3 Ka1 65. Rxb2 1/2-1/2


[Site "https://www.chess.com"]

[Event "Titled Tuesday Blitz June 15 2021"]
[White "Starozhilov, Leonid"]
[Black "Triapishko, Alexandr"]
[WhiteFideId "14106752"]
[BlackFideId "14122286"]
[WhiteElo "2414"]
[BlackElo "2490"]
[Result "0-1"]
[Round "10"]
[TimeControl "180+1"]
[Date "2021.06.15"]
[WhiteClock "0:00:03"]
[BlackClock "0:00:53"]

1. Nf3 d5 2. d4 Nf6 3. c3 Bf5 4. Bf4 e6 5. e3 c5 6. Qb3 Qb6 7. Nbd2 Nbd7 8. Qxb6 Nxb6 9. Nh4 Bc2 10. Rc1 Ba4 11. Nhf3 Nh5 12. Bc7 Rc8 13. Bxb6 axb6 14. Bd3 g6 15. Ne5 f6 16. Nef3 Bd6 17. g4 Ng7 18. g5 fxg5 19. Nxg5 cxd4 20. exd4 Bf4 21. Ngf3 O-O 22. Ke2 Nh5 23. Rcf1 Bh6 24. Bb1 Nf4+ 25. Ke1 Ng2+ 26. Ke2 Bb5+ 27. Kd1 Bxf1 28. Rxf1 Bg7 29. Rg1 Nf4 30. h4 Bf6 31. Rg4 Nh5 32. Ke2 Kg7 33. Nf1 Rce8 34. Ng3 Nxg3+ 35. fxg3 e5 36. dxe5 Bxe5 37. Kf2 Bd6 38. Bd3 Bc5+ 39. Kg2 Rxf3 40. Kxf3 Re3+ 41. Kg2 Rxd3 42. b4 Rd2+ 43. Kh3 Bg1 44. Rg5 Kf6 45. Rxd5 Rxd5 0-1


[Site "https://www.chess.com"]

[Event "Titled Tuesday Blitz June 15 2021"]
[White "Stepanencu, Nicodim-Cosmin"]
[Black "De Silva, L M S T"]
[WhiteFideId "1256220"]
[BlackFideId "9953698"]
[WhiteElo "1704"]
[BlackElo "1621"]
[Result "0-1"]
[Round "10"]
[TimeControl "180+1"]
[Date "2021.06.15"]
[WhiteClock "0:00:02"]
[BlackClock "0:00:03"]

1. e4 e5 2. Nf3 Nc6 3. d4 exd4 4. Nxd4 Bb4+ 5. c3 Bc5 6. Be3 Bb6 7. Nd2 Nge7 8. Bd3 O-O 9. O-O d5 10. N2f3 Nxd4 11. Nxd4 c5 12. Nf3 d4 13. cxd4 cxd4 14. Bg5 f6 15. Bh4 Nc6 16. Bg3 Bg4 17. h3 Bh5 18. Qb3+ Kh8 19. Nd2 Ne5 20. Nc4 Bc7 21. Nxe5 Bxe5 22. f4 Bc7 23. e5 Bb6 24. e6 f5 25. Rfe1 Qe7 26. Re5 Bg6 27. Rae1 Rac8 28. Rd5 Rc7 29. Bb5 Be8 30. Bd7 Bh5 31. Kh2 h6 32. Qd3 Bg6 33. Bb5 Be8 34. Bxe8 Qxe8 35. Rxf5 Rg8 36. Rd5 Qc6 37. Qf3 Re7 38. f5 Rf8 39. Bd6 Bc7 40. Bxc7 Qxc7+ 41. Kh1 Qc2 42. Qe4 Qxb2 43. Rd7 Qb4 44. Rb1 Qc5 45. Rxe7 Qxe7 46. Rxb7 Qg5 47. Rf7 Re8 48. Qxd4 Rd8 49. Qxd8+ Qxd8 50. e7 Qd1+ 51. Kh2 Qd6+ 52. Kg1 Qd4+ 53. Kf1 Qc4+ 0-1


[Site "https://www.chess.com"]

[Event "Titled Tuesday Blitz June 15 2021"]
[White "Sychev, Klementy"]
[Black "Weetik, Vjacheslav"]
[WhiteFideId "4114060"]
[BlackFideId "4153472"]
[WhiteElo "2615"]
[BlackElo "2469"]
[Result "1-0"]
[Round "10"]
[TimeControl "180+1"]
[Date "2021.06.15"]
[WhiteClock "0:01:29"]
[BlackClock "0:00:08"]

1. d4 Nf6 2. c4 g6 3. g3 d5 4. cxd5 Nxd5 5. Bg2 Bg7 6. e4 Nb6 7. Ne2 O-O 8. O-O Nc6 9. d5 Nb4 10. Nbc3 c6 11. a3 Na6 12. Bf4 cxd5 13. exd5 Nc4 14. Qd3 Nd6 15. Rfe1 Nc5 16. Qe3 Nb3 17. Rad1 Bf5 18. Ne4 Nxe4 19. Bxe4 Qb6 20. Qxb6 axb6 21. Bxf5 gxf5 22. Nc3 Rfe8 23. Nb5 Rac8 24. Nc7 Red8 25. Rxe7 Bxb2 26. d6 Bf6 27. Nd5 Bxe7 28. Nxe7+ Kg7 29. Nxc8 Rxc8 30. d7 1-0


[Site "https://www.chess.com"]

[Event "Titled Tuesday Blitz June 15 2021"]
[White "Terry, Renato"]
[Black "Karttunen, Mika"]
[WhiteFideId "3803457"]
[BlackFideId "502081"]
[WhiteElo "2581"]
[BlackElo "2343"]
[Result "0-1"]
[Round "10"]
[TimeControl "180+1"]
[Date "2021.06.15"]
[WhiteClock "0:00:57"]
[BlackClock "0:00:27"]

1. Nh3 Nf6 2. g3 e5 3. d3 d6 4. f4 Be7 5. Bg2 O-O 6. O-O Nc6 7. f5 d5 8. e3 e4 9. d4 h6 10. c4 Nb4 11. cxd5 Nbxd5 12. Nc3 Nxc3 13. bxc3 c5 14. Qb3 Rb8 15. Ba3 Qc7 16. Rad1 b5 17. d5 Bd6 18. c4 bxc4 19. Qxc4 Qa5 20. Qc1 Ba6 21. Rfe1 Bd3 22. Nf2 Rb1 23. Qxb1 Bxb1 24. Bb2 Bd3 25. Nxd3 exd3 26. e4 c4 27. e5 Bc5+ 28. Kf1 Ng4 29. Bf3 Ne3+ 30. Rxe3 Bxe3 0-1


[Site "https://www.chess.com"]

[Event "Titled Tuesday Blitz June 15 2021"]
[White "Timofeev, Artyom"]
[Black "Macovei, Andrei"]
[WhiteFideId "4140419"]
[BlackFideId "13904680"]
[WhiteElo "2582"]
[BlackElo "2439"]
[Result "1-0"]
[Round "10"]
[TimeControl "180+1"]
[Date "2021.06.15"]
[WhiteClock "0:00:28"]
[BlackClock "0:00:01"]

1. c4 e5 2. e3 Nf6 3. Nc3 Bb4 4. Nge2 O-O 5. a3 Bxc3 6. Nxc3 d5 7. cxd5 Nxd5 8. Be2 c5 9. b3 Nc6 10. Bb2 Be6 11. O-O Rc8 12. Rc1 b6 13. Ne4 Qe7 14. Qc2 Rfd8 15. Rfd1 h6 16. h3 Qd7 17. Bf1 f5 18. Nc3 Nxc3 19. dxc3 Qf7 20. c4 e4 21. g3 Qe7 22. Qc3 Kh7 23. Kh2 Kg6 24. Be2 Qf6 25. Qc2 Qe7 26. Kg2 Kh7 27. Qc3 Kg6 28. h4 Qf6 29. h5+ Kf7 30. Qc2 Qg5 31. Bc3 Rxd1 32. Rxd1 Rd8 33. b4 Rxd1 34. Qxd1 Qd8 35. Qa1 Qf8 36. b5 Na5 37. Bxa5 bxa5 38. Qe5 Qe7 39. a4 Kf8 40. Qb8+ Kf7 41. b6 axb6 42. Qxb6 Qd7 43. Qxa5 Qc6 44. Qb5 Qd6 45. a5 Qd2 46. Bf1 f4 47. Qb7+ Kf6 48. Qxe4 fxe3 49. Qxe3 Qxa5 50. Qf4+ Ke7 51. Qe5 Kf7 52. Bd3 Qa8+ 53. Be4 Qc8 54. Bd5 Bxd5+ 55. Qxd5+ Kf6 56. Qd6+ Kf7 57. Qe5 Kf8 58. Qd5 Ke7 59. Kf3 Kf6 60. Qd6+ Kf7 61. Kf4 Ke8 62. Ke5 Kf7 63. Qd5+ Kf8 64. Qe6 Qc7+ 65. Qd6+ Qxd6+ 66. Kxd6 1-0


[Site "https://www.chess.com"]

[Event "Titled Tuesday Blitz June 15 2021"]
[White "Tsotsonava, Elene"]
[Black "shnitez"]
[WhiteFideId "13615939"]
[WhiteElo "1847"]
[BlackElo "2499"]
[Result "1-0"]
[Round "10"]
[TimeControl "180+1"]
[Date "2021.06.15"]
[WhiteClock "0:00:27"]
[BlackClock "0:00:01"]

1. e4 e5 2. Nf3 Nc6 3. Bb5 a6 4. Ba4 Nf6 5. O-O Be7 6. Re1 b5 7. Bb3 d6 8. c3 O-O 9. h3 Nb8 10. d4 Nbd7 11. Nbd2 Bb7 12. Bc2 Re8 13. Nf1 Bf8 14. Ng3 g6 15. a4 c5 16. d5 c4 17. Nf1 Nc5 18. g4 Nfd7 19. Ng3 Be7 20. Kh2 Kh8 21. Bd2 Rg8 22. Qe2 Nb6 23. axb5 axb5 24. Rxa8 Qxa8 25. Ng5 Rg7 26. h4 Qd8 27. Qf3 Kg8 28. Nh3 f6 29. h5 Bc8 30. Rg1 Kh8 31. Bh6 Rf7 32. Be3 Nba4 33. Ng5 Rf8 34. Nh3 Nxb2 35. Bxc5 dxc5 36. Rb1 Nd3 37. Rxb5 Bd7 38. Rb1 Qa5 39. Bxd3 cxd3 40. Qxd3 Bxg4 41. Qe3 Bxh3 42. hxg6 Kg7 43. Nh5+ Kxg6 44. Rg1+ Kf7 45. Qxh3 Ke8 46. Qc8+ Kf7 47. Qe6+ Ke8 48. Ng7+ Kd8 49. d6 Qa7 50. dxe7+ Qxe7 51. Rd1+ 1-0


[Site "https://www.chess.com"]